Map: Берлинград РВ

Players

Probe

  • Race: Protoss Protoss

Ashbringer - Winner!

  • Race: Protoss Protoss

Event: DreamHack SC2 Masters Last Chance 2022

VOD

Have the link to the VOD?

Description

Time

  • Played on: Dec. 15, 2021, 4:54 a.m.
  • Length: 10:02

All games in this series

Show
View Real Time Build Order
Export as new Build Order

Probe Protoss 

Build Orders:  

Get SALT Encoding   

  12  0:00  Probe  
  13  0:12  Probe  
  14  0:18  Pylon  
  14  0:24  Probe (Chrono Boost)  
  15  0:37  Probe (Chrono Boost)  
  15  0:39  Gateway  
  16  0:44  Probe (Chrono Boost)  
  16  0:46  Assimilator  
  17  0:51  Probe  
  17  0:54  Assimilator  
  18  1:03  Probe (Chrono Boost)  
  19  1:07  Gateway  
  19  1:12  Probe (Chrono Boost)  
  19  1:17  Probe (Chrono Boost)  
  21  1:27  Cybernetics Core  
  21  1:29  Probe  
  22  1:35  Pylon  
  22  1:41  Probe  
  23  1:53  Probe  
  24  2:01  Warp Gate (Chrono Boost)  
  24  2:03  Stalker x2  
  24  2:05  Probe  
  29  2:13  Pylon  
  29  2:18  Probe  
  30  2:23  Pylon  
  30  2:30  Probe  
  31  2:38  Stalker x2  
  35  2:59  Nexus  
  35  3:09  Sentry x2  
  39  3:19  Pylon  
  39  3:27  Shield Battery  
  39  3:28  Shield Battery  
  39  3:32  Probe  
  39  3:43  Forge  
  39  3:44  Sentry  
  39  3:45  Probe  
  42  3:52  Twilight Council  
  42  3:57  Probe  
  43  4:07  Adept x2  
  43  4:09  Protoss Ground Weapons Level 1  
  47  4:11  Probe (Chrono Boost)  
  47  4:13  Probe (Chrono Boost)  
  49  4:22  Probe (Chrono Boost)  
  50  4:25  Probe (Chrono Boost)  
  50  4:26  Probe (Chrono Boost)  
  50  4:28  Blink (Chrono Boost)  
  52  4:34  Probe  
  52  4:37  Probe  
  54  4:41  Stalker  
  56  4:47  Probe (Chrono Boost)  
  56  4:49  Probe (Chrono Boost)  
  56  4:54  Stalker  
  56  4:57  Pylon  
  57  5:01  Probe (Chrono Boost)  
  57  5:04  Probe (Chrono Boost)  
  58  5:07  Probe (Chrono Boost)  
  58  5:10  Probe (Chrono Boost)  
  58  5:13  Assimilator  
  60  5:15  Pylon  
  60  5:16  Gateway x2  
  60  5:20  Probe  
  61  5:22  Probe  
  61  5:29  Stalker x2  
  61  5:32  Probe  
  61  5:34  Probe  
  67  5:50  Nexus  
  67  5:51  Probe x2  
  67  5:53  Robotics Facility  
  67  5:56  Stalker  
  71  6:01  Stalker  
  71  6:03  Probe  
  74  6:05  Probe  
  75  6:12  Stalker  
  75  6:16  Pylon  
  77  6:19  Probe, Pylon  
  77  6:21  Protoss Ground Weapons Level 2 (Chrono Boost)  
  78  6:29  Pylon  
  78  6:34  Probe x2  
  80  6:44  Observer (Chrono Boost)  
  80  6:45  Pylon  
  80  6:46  Probe x2  
  83  6:48  Gateway x2  
  83  6:51  Gateway  
  83  6:53  Charge (Chrono Boost)  
  83  6:58  Probe x2  
  83  6:59  Gateway  
  85  7:07  Templar Archives  
  85  7:09  Shield Battery  
  85  7:10  Probe x2, Shield Battery  
  85  7:14  Probe  
  88  7:20  Warp Prism  
  88  7:22  Probe x2  
  92  7:26  Probe  
  92  7:28  Stalker  
  95  7:34  Probe x2  
  97  7:42  Pylon  
  97  7:43  Zealot x5  
  108  7:48  Pylon  
  107  7:55  Nexus  
  107  7:57  Pylon  
  107  7:58  High Templar x2  
  107  7:59  Zealot  
  107  8:03  Archon  
  113  8:05  Zealot x2  
  113  8:06  Zealot x2  
  121  8:19  Probe x2  
  123  8:23  High Templar x2  
  123  8:26  Pylon  
  127  8:28  Pylon  
  127  8:30  Pylon  
  127  8:31  Archon, Pylon  
  127  8:32  Zealot x6  
  127  8:34  Probe  
  140  8:35  Probe  
  140  8:40  Assimilator x2  
  141  8:43  Shield Battery  
  141  8:53  Zealot, High Templar x2  
  141  8:54  Zealot x3  
  153  8:58  Archon  
  153  9:13  Probe x2  
  155  9:19  Zealot x6  
  159  9:35  Robotics Bay, Probe  
  159  9:37  Robotics Facility  
  160  9:43  Zealot x8  
Show
View Real Time Build Order
Export as new Build Order

Ashbringer Protoss - Winner!

Build Orders: Oracle Opening 

Get SALT Encoding   

  12  0:00  Probe  
  13  0:12  Probe  
  14  0:17  Pylon  
  14  0:24  Probe (Chrono Boost)  
  16  0:37  Gateway, Probe (Chrono Boost)  
  16  0:41  Probe (Chrono Boost)  
  16  0:46  Assimilator  
  17  0:52  Probe  
  17  0:54  Assimilator  
  19  1:04  Probe (Chrono Boost)  
  19  1:09  Gateway  
  19  1:13  Probe (Chrono Boost)  
  20  1:18  Probe (Chrono Boost)  
  20  1:25  Cybernetics Core  
  21  1:30  Probe  
  22  1:35  Pylon  
  22  1:42  Probe  
  23  1:54  Probe  
  23  2:01  Stalker, Warp Gate, Sentry  
  28  2:09  Pylon  
  28  2:32  Pylon  
  28  2:35  Stalker  
  32  2:42  Stargate  
  30  3:03  Nexus  
  30  3:04  Shield Battery  
  30  3:08  Probe  
  31  3:18  Stalker  
  33  3:20  Probe  
  33  3:23  Oracle (Chrono Boost)  
  37  3:34  Pylon  
  37  3:35  Probe  
  38  3:45  Twilight Council  
  38  3:47  Probe  
  39  3:56  Stalker  
  39  3:59  Probe (Chrono Boost)  
  43  4:11  Probe (Chrono Boost)  
  43  4:15  Blink (Chrono Boost)  
  44  4:17  Probe (Chrono Boost)  
  44  4:19  Probe (Chrono Boost)  
  46  4:24  Probe (Chrono Boost)  
  46  4:27  Probe (Chrono Boost)  
  46  4:29  Probe (Chrono Boost)  
  46  4:31  Forge  
  47  4:38  Probe  
  49  4:41  Probe  
  49  4:43  Shield Battery  
  50  4:49  Stalker  
  50  4:50  Stalker, Probe  
  52  4:53  Probe  
  52  5:02  Probe, Protoss Ground Weapons Level 1 (Chrono Boost)  
  52  5:05  Probe  
  55  5:14  Probe  
  55  5:17  Probe  
  56  5:26  Probe  
  56  5:27  Nexus  
  57  5:28  Pylon  
  57  5:32  Gateway  
  57  5:33  Gateway  
  57  5:34  Probe  
  58  5:36  Sentry  
  58  5:38  Probe  
  61  5:44  Assimilator  
  61  5:46  Probe  
  62  5:51  Probe  
  62  5:55  Shield Battery  
  62  5:56  Pylon  
  63  5:58  Probe  
  63  5:59  Stalker  
  63  6:03  Probe  
  67  6:06  Stalker  
  67  6:10  Probe  
  67  6:11  Pylon  
  70  6:15  Robotics Facility, Probe  
  71  6:22  Probe  
  72  6:25  Stalker  
  72  6:27  Probe  
  72  6:29  Stalker x2  
  79  6:34  Probe  
  79  6:37  Pylon  
  80  6:40  Probe  
  80  6:41  Probe  
  80  6:46  Probe  
  83  6:48  Gateway  
  83  6:49  Gateway  
  83  6:52  Probe  
  83  6:53  Probe  
  85  6:54  Protoss Ground Weapons Level 2 (Chrono Boost)  
  85  6:57  Charge  
  85  6:58  Probe  
  86  7:04  Assimilator, Probe  
  86  7:05  Probe  
  88  7:08  Assimilator  
  88  7:10  Observer, Pylon  
  88  7:11  Probe  
  90  7:20  Pylon  
  92  7:25  Gateway  
  92  7:26  Gateway  
  90  7:33  Immortal (Chrono Boost)  
  94  7:40  Gateway  
  94  7:42  Templar Archives  
  94  7:43  Zealot x4, Gateway  
  102  7:50  Pylon  
  102  7:55  Zealot x2, Pylon  
  106  8:02  Immortal (Chrono Boost)  
  106  8:04  Pylon  
  110  8:06  Zealot x2  
  114  8:19  High Templar x2  
  115  8:22  Shield Battery  
  115  8:23  Pylon  
  115  8:24  Archon  
  115  8:26  High Templar x2  
  119  8:28  Photon Cannon  
  119  8:29  Pylon  
  119  8:30  Archon  
  119  8:31  Zealot x3  
  125  8:42  Zealot x3  
  125  8:46  Warp Prism (Chrono Boost)  
  125  8:48  Pylon  
  131  8:54  High Templar x2  
  137  8:58  Archon  
  137  9:00  Zealot x5  
  147  9:04  Pylon  
  147  9:07  Zealot x2  
  151  9:12  Zealot  
  153  9:28  Zealot x2  
  153  9:29  Zealot x6  
  160  9:51  Zealot x9  

Tags
 
Add a new tag
Caveats
  • Supply blocks, unpowered buildings, or Contaminate may cause inaccurate times.
  • Supply counts are checked every 10 seconds.